 Dungeon Crawl Stone Soup version 0.17.1-3-g152610e (webtiles) character file.

30 Inkary the Chiller (level 3, 0/24 HPs)
             Began as a Demonspawn Ice Elementalist on Apr 16, 2016.
             Slain by a worm (9 damage)
             ... on level 2 of the Dungeon on Apr 17, 2016.
             The game lasted 00:10:53 (1036 turns).

Inkary the Chiller (Demonspawn Ice Elementalist)    Turns: 1036, Time: 00:10:53

Health: 0/24       AC:  2    Str:  8    XL:     3   Next: 3%
Magic:  0/6        EV: 12    Int: 17    God:
Gold:   59         SH:  0    Dex: 13    Spells: 2 memorised, 2 levels left

rFire  . . .     SeeInvis .     (no weapon)
rCold  . . .     Clarity  .     a - +0 robe
rNeg   . . .     SustAt   .     (no shield)
rPois  .         Gourm    .     (no helmet)
rElec  .         Spirit   .     (no cloak)
rCorr  .         Warding  .     (no gloves)
rMut   .         Stasis   .     (no boots)
MR     .....                    (no amulet)
Stlth  +++.......               (no ring)
                                (no ring)

@: not resistant to hostile enchantments, fairly stealthy
A: claws 1, nightstalker 1
a: no special abilities


You were on level 2 of the Dungeon.
You were not hungry.

You visited 1 branch of the dungeon, and saw 2 of its levels.

You collected 59 gold pieces.

Inventory:

Armour
 a - a +0 robe (worn)
Jewellery
 k - an uncursed ring of protection from magic {unknown}
Scrolls
 e - a scroll of remove curse {unknown}
 f - a scroll of identify {unknown}
 g - 2 scrolls of magic mapping {unknown}
 i - a scroll of immolation {unknown}
 l - a scroll of fear {unknown}
 n - a scroll of teleportation {unknown}
 q - a scroll of blinking {unknown}
Potions
 d - 2 potions of agility {unknown}
 j - 2 potions of curing {unknown}
Books
 b - a book of Frost

   Spells                             Type                      Level
   a - Freeze                         Ice                          1
   b - Throw Frost                    Conjuration/Ice              2
   c - Ozocubu's Armour               Charms/Ice                   3
   d - Throw Icicle                   Conjuration/Ice              4
   e - Summon Ice Beast               Ice/Summoning                4
   f - Condensation Shield            Ice                          4
Comestibles
 c - a bread ration
 h - a slice of pizza
 m - a beef jerky
 o - a fruit
 p - a chunk of flesh


   Skills:
 + Level 2.2 Dodging
 + Level 2.0 Stealth
 - Level 0.1 Unarmed Combat
 + Level 2.3 Spellcasting
   Level 1.0 Conjurations
 + Level 0.0 Charms
 + Level 3.1 Ice Magic


You had 2 spell levels left.
You knew the following spells:

 Your Spells              Type           Power        Failure   Level  Hunger
a - Freeze                Ice            ##..         6%          1    #......
b - Ozocubu's Armour      Chrm/Ice       #.......     30%         3    ###....


Dungeon Overview and Level Annotations

Branches:
Dungeon (2/15)

Altars:


Innate Abilities, Weirdness & Mutations

You have sharp fingernails.
You are slightly more attuned to the shadows.


Message History

The worm closely misses you.
You scratch the worm.
The worm is severely wounded.
You barely miss the worm.
The worm is severely wounded.
The worm bites you.
You scratch the worm.
The worm is almost dead.
You barely miss the worm.
The worm is almost dead.
The worm closely misses you.
You completely miss the worm.
The worm is almost dead.
The worm bites you!
You scratch the worm.
The worm is almost dead.
You scratch the worm.
The worm is almost dead.
The worm bites you!
You die...

..#....#.# ..## #####
#.#......# #...
#...#######.......####.#.
♣.♣)...#.#.#.#>#.#.#.#.#. ###
#.#.# ...................
....#♣.♣.# ##.#.#.#.#.#.#.#.#.
.......<.# #..w...............
....#♣)♣.####@#.#.#)#.#.#.#.#.
. #......).......##..##.####.#
###....#....##...........#..
##...#....############.##.
.#####........# #.
........##....# #
).......##....# [.
.♣.♣........... ..# ♣
♣##.......... ###


You could see a worm.

Vanquished Creatures
  A giant cockroach (D:1)
  5 goblins (D:1)
  5 hobgoblins
  2 jackals (D:1)
  A quokka (D:2)
  2 bats (D:1)
  2 giant geckos (D:1)
  2 giant newts (D:1)
  2 kobolds (D:1)
  3 rats (D:1)
25 creatures vanquished.

Notes
Turn   | Place    | Note
--------------------------------------------------------------
     0 | D:1      | Inkary the Demonspawn Ice Elementalist began the quest for the Orb.
     0 | D:1      | Reached XP level 1. HP: 13/13 MP: 3/3
   189 | D:1      | Reached skill level 3 in Ice Magic
   206 | D:1      | Gained mutation: You have sharp fingernails. [demonic ancestry]
   206 | D:1      | Reached XP level 2. HP: 17/19 MP: 3/5
   875 | D:2      | Gained mutation: You are slightly more attuned to the shadows. [demonic ancestry]
   875 | D:2      | Reached XP level 3. HP: 24/24 MP: 3/6
   880 | D:2      | Learned a level 3 spell: Ozocubu's Armour
  1036 | D:2      | Slain by a worm

Action                   || total
-------------------------++-------
Melee: Unarmed           ||    17
 Cast: Freeze            ||    52
 Stab: Sleeping          ||     1
  Eat: Chunk             ||     1
